 Dungeon Sprint DCSS version 0.30-a0-123-g91d0c66ccf (webtiles) character file.

Game seed: 9220553370615115357

1220 mhtbhm the Geomancer (level 8, -9/41 HPs)
             Began as a Gargoyle Earth Elementalist on Sept 18, 2022.
             Was a Believer of Vehumet.
             Mangled by Snorg (12 damage)
             ... in the Dungeon (Sprint III: "The Ten Rune Challenge").
             The game lasted 00:02:22 (1009 turns).

mhtbhm the Geomancer (Gargoyle Earth Elementalist)  Turns: 1009, Time: 00:02:23

Health: -9/41      AC:  7    Str: 10    XL:     8   Next: 47%
Magic:  20/23      EV: 14    Int: 16    God:    Vehumet [**....]
Gold:   33         SH:  0    Dex: 18    Spells: 19/29 levels left

rFire   . . .      SeeInvis .    (no weapon)
rCold   x . .      Faith    .    (no shield)
rNeg    + . .      Spirit   .    a - +0 robe
rPois   ∞          Reflect  .    (no helmet)
rElec   +          Harm     .    (no cloak)
rCorr   .          Rampage  .    (no gloves)
Will    .....      NoTele   +    (no boots)
Stlth   +++.......               (no amulet)
HPRegen 0.13/turn                (no ring)
MPRegen 0.18/turn                (no ring)

@: hasted, very quick
A: sickness immunity, AC +5, negative energy resistance 1, electricity
resistance, torment resistance 1, petrification resistance, talons 1, agile 2,
cold vulnerability 1, MP-powered wands
a: Renounce Religion


You were in the Dungeon.
You worshipped Vehumet.
Vehumet was pleased with you.
You visited 1 branch You collected 33 gold pieces.

Inventory:

Armour
 a - a +0 robe (worn)
Wands
 f - a wand of polymorph (4)
Scrolls
 g - a scroll of blinking
 i - a scroll of immolation {unknown}
 j - 3 scrolls of identify
 l - a scroll of poison {unknown}
Potions
 b - 3 potions of magic
 c - a potion of curing
 d - a potion of heal wounds
 h - a potion of ambrosia {unknown}
 k - 3 potions of flight
 m - a potion of experience {unknown}
 n - 3 potions of mutation
 o - 2 potions of berserk rage
Miscellaneous
 p - a condenser vane


   Skills:
 + Level 4.4 Dodging
 + Level 4.1 Stealth
 + Level 0.2 Unarmed Combat
 + Level 11.0 Spellcasting
 + Level 3.0 Conjurations
 + Level 0.8 Transmutations
 + Level 14.9 Earth Magic


You had 19 spell levels left.
You knew the following spells:

 Your Spells              Type           Power      Damage    Failure   Level
a - Sandblast             Erth           100%       2d20      1%          1
b - Passwall              Tmut/Erth      28%        N/A       1%          2
c - Stone Arrow           Conj/Erth      74%        3d11      1%          3
d - Petrify               Tmut/Erth      34%        N/A       3%          4

Your spell library contained the following spells:

 Spells                   Type           Power      Damage    Failure   Level
 Foxfire                  Conj/Fire      52%        2x1d6     4%          1
 Confusing Touch          Hex            8%         N/A       24%         3
 Tukima's Dance           Hex            8%         N/A       24%         3
 Passage of Golubria      Tloc           8%         N/A       63%         4
 Yara's Violent Unravell  Hex/Tmut       5%         3d4       88%         5
 Enfeeble                 Hex            4%         N/A       100%        7


Dungeon Overview and Level Annotations

Branches:
Dungeon (1/1)

Altars:
Cheibriados
Dithmenos
Elyvilon
Fedhas
Gozag
Hepliaklqana
Kikubaaqudgha
Makhleb
Nemelex Xobeh
Okawaru
Qazlal
Ru
Sif Muna
Trog
Uskayaw
Vehumet
Wu Jian
Xom
Yredelemnul
Zin
The Shining One
Jiyva
Lugonu

Annotations:
D Snorg


Innate Abilities, Weirdness & Mutations

You are immune to sickness and miasma.
Your stone body is resilient. (AC +5)
You are immune to poison.
You resist negative energy. (rN+)
You are resistant to electric shocks. (rElec)
You are resistant to unholy torment.
You are immune to petrification.
You have sharp toenails.
You are very agile. (Dex +8, Str/Int -2)
You are vulnerable to cold. (rC-)
You expend magic power (3 MP) to strengthen your wands.


Message History

Magic restored.
There is an open door here.
Okay, then.
You open the door.
There is an open door here.
Snorg the Insatiable comes into view.
Casting: Sandblast (safe; 1% risk of failure)
Confirm with . or Enter, or press ? or * to list all spells.
Aiming: Petrify (dangerous; 3% risk of failure)
Press: ? - help, Shift-Dir - straight line, f - Snorg
Aim: Snorg (asleep, chance to affect: 28%) Snorg shouts!
Snorg easily resists.
Unknown command.
Casting: Petrify (dangerous; 3% risk of failure)
Confirm with . or Enter, or press ? or * to list all spells.
Aiming: Petrify (dangerous; 3% risk of failure)
Press: ? - help, Shift-Dir - straight line, f/p - Snorg
Aim: Snorg (chance to affect: 28%) Snorg easily resists.
Unknown command.
You feel yourself speed up. Snorg completely misses you.
Snorg claws you but does no damage. Snorg barely misses you.
There is an open door here.
Snorg pats her sizable gut.
Snorg goes berserk!
There is an open door here.
You hear a shout!
There is a fountain of clear blue water here.
There is an open door to the Ecumenical Temple here.
Snorg rages.
You hear a shout!
You hear a shout!
Snorg attacks as you move away! Snorg bites you!!
Ouch! That really hurt!
Snorg claws you but does no damage. Snorg closely misses you.
Snorg attacks as you move away! Snorg bites you!
* * * LOW HITPOINT WARNING * * *
Snorg claws you!
You die...

▓▓▓▓▓▓▓▓▓ ▓▓▓
▓<..#...#### ##.#####
▓...#.)....#####..#___#
▓..##.......#..#..#...#
▓##.##.##...#..#..###'#
##.##.###T.##'#..#....
▓#.####T##..###...'.T..
▓.###.@##..####...#)..#
▓#.....##..###T...#)⌠.#
###..##...##.....#...#
##..##....#......#)###
#..###..##.#.....#...#
#..# #..#####....#___#
▓▓▓▓ ▓▓▓▓ ▓▓▓▓▓▓▓▓▓▓


You could see Snorg (berserk).

Vanquished Creatures
  A deep elf pyromancer (D)
  A shadow (D)
  A spatial vortex (D)
  A necrophage (D)
  A water elemental (D)
  A jelly (D)
  A wizard (D)
  Jessica (D)
  A necromancer (D)
  3 humans (D)
  A kobold demonologist (D)
  A phantom (D)
  An endoplasm (D)
  A rat (D)
16 creatures vanquished.

Notes
Turn   | Place    | Note
-------+----------+-------------------------------------------
     0 | D        | mhtbhm the Gargoyle Earth Elementalist began the quest for
                  | the Orb.
     0 | D        | Reached XP level 1. HP: 10/10 MP: 3/3
     8 | D        | Reached skill level 4 in Earth Magic
    57 | D        | Noticed Jessica
    68 | D        | Killed Jessica
    69 | D        | Reached skill level 6 in Earth Magic
    69 | D        | Reached XP level 2. HP: 15/15 MP: 4/6
    69 | D        | Reached XP level 3. HP: 19/19 MP: 4/7
   126 | D        | Learned a level 2 spell: Passwall
   130 | D        | Learned a level 3 spell: Stone Arrow
   158 | D        | Reached skill level 7 in Earth Magic
   285 | D        | Gained mutation: You have hidden genetic potential. [potion
                  | of mutation]
   285 | D        | Gained mutation: You have sharp toenails. [potion of
                  | mutation]
   285 | D        | Gained mutation: You are vulnerable to cold. (rC-) [potion
                  | of mutation]
   285 | D        | Gained mutation: You are agile. (Dex +4, Str/Int -1)
                  | [potion of mutation]
   393 | D        | Noticed a water elemental
   400 | D        | Killed a water elemental
   401 | D        | Reached skill level 8 in Earth Magic
   401 | D        | Reached XP level 4. HP: 5/24 MP: 3/10
   401 | D        | Gained mutation: You are very agile. (Dex +8, Str/Int -2)
                  | [hidden potential]
   641 | D        | Found a radiant altar of Vehumet.
   641 | D        | Found a shimmering blue altar of Sif Muna.
   641 | D        | Found an ancient bone altar of Kikubaaqudgha.
   641 | D        | Noticed a wizard
   644 | D        | Killed a wizard
   645 | D        | Reached skill level 5 in Spellcasting
   645 | D        | Reached skill level 9 in Earth Magic
   645 | D        | Reached XP level 5. HP: 28/28 MP: 7/12
   655 | D        | Became a worshipper of Vehumet
   661 | D        | Learned a level 4 spell: Petrify
   702 | D        | Found a glowing silver altar of Zin.
   702 | D        | Found a glowing golden altar of the Shining One.
   702 | D        | Found a white marble altar of Elyvilon.
   702 | D        | Noticed a deep elf pyromancer
   706 | D        | Killed a deep elf pyromancer
   707 | D        | Reached skill level 13 in Earth Magic
   707 | D        | Reached XP level 6. HP: 22/32 MP: 5/18
   707 | D        | Reached XP level 7. HP: 25/36 MP: 5/19
   712 | D        | Gained mutation: You expend magic power (3 MP) to
                  | strengthen your wands. [hidden potential]
   712 | D        | Lost mutation: You have hidden genetic potential. [hidden
                  | potential expressed]
   807 | D        | Found a basalt altar of Yredelemnul.
   807 | D        | Found a shadowy altar of Dithmenos.
   807 | D        | Found a sacrificial altar of Ru.
   810 | D        | Reached * piety under Vehumet
   810 | D        | Offered knowledge of Foxfire by Vehumet.
   839 | D        | Found a hide-covered altar of Uskayaw.
   839 | D        | Found an iron altar of Okawaru.
   839 | D        | Found a bloodstained altar of Trog.
   839 | D        | Found an ornate altar of the Wu Jian Council.
   839 | D        | Noticed a human
   839 | D        | Noticed a human
   841 | D        | Killed a human
   842 | D        | Reached skill level 10 in Spellcasting
   843 | D        | Killed a human
   844 | D        | Reached skill level 14 in Earth Magic
   844 | D        | Reached XP level 8. HP: 41/41 MP: 18/22
   908 | D        | Noticed a shadow
   909 | D        | Killed a shadow
   909 | D        | Reached ** piety under Vehumet
   929 | D        | Found a blossoming altar of Fedhas.
   929 | D        | Found a stormy altar of Qazlal.
   929 | D        | Found a snail-covered altar of Cheibriados.
   929 | D        | Found a burning altar of Makhleb.
   929 | D        | Found a shimmering altar of Xom.
   930 | D        | Found a hazy altar of Hepliaklqana.
   930 | D        | Found an opulent altar of Gozag.
   930 | D        | Found a sparkling altar of Nemelex Xobeh.
   930 | D        | Found a corrupted altar of Lugonu.
   930 | D        | Found a viscous altar of Jiyva.
   967 | D        | Noticed Snorg
  1009 | D        | Mangled by Snorg

Illustrated notes

Levels and vault maps discovered:
D:        dungeon_sprint_mu [sprint_mu_entry_cave, sprint_mu_temple_rooms,
          sprint_mu_d1_horrors, sprint_mu_d2_genie, sprint_mu_d3_branching,
          sprint_mu_orc_legion, sprint_mu_elf_gauntlet, sprint_mu_hive_nellie,
          sprint_mu_lair_fedhas, sprint_mu_vaults_butterflies,
          sprint_mu_slime_circle, sprint_mu_shoals_kraken,
          sprint_mu_snake_twists, sprint_mu_blade_basic,
          sprint_mu_crypt_chambers, sprint_mu_tomb_spiral,
          sprint_mu_vestibule_basic, sprint_mu_gehenna_hellfire,
          sprint_mu_dis_giant, sprint_mu_tartarus_statrot,
          sprint_mu_cocytus_islands, sprint_mu_zot1]

Skill      XL: |  1  2  3  4  5  6  7  8 |
---------------+-------------------------+-----
Earth Magic    | 6 8 9 13 14 | 14.9
Dodging        | 2 4 |  4.4
Spellcasting   | 3 4 5 9 10 11 | 11.0
Stealth        | 3 4 |  4.1
Conjurations   | 2 3 |  3.0
Unarmed Combat | |  0.2
Transmutations | |  0.8

Action                   |  1- 3 |  4- 6 |  7- 9 || total
-------------------------+-------+-------+-------++-------
Melee: Unarmed           |     2 |       |       ||     2
 Cast: Sandblast         |    16 |     6 |    14 ||    36
       Stone Arrow       |       |     2 |       ||     2
       Petrify           |       |       |     2 ||     2
  Use: Potion            |     3 |       |     1 ||     4
Armor: Skin              |     1 |       |       ||     1
       Robe              |     2 |     1 |     4 ||     7
Dodge: Dodged            |     7 |     1 |     3 ||    11

Table legend: (Time is in decaauts)
 A = Elapsed time spent in this place.
 B = Non-inter-level travel time spent in this place.
 C = Inter-level travel time spent in this place.
 D = Time resting spent in this place.
 E = Time spent auto-exploring this place.
 F = Levels seen in this place.
 G = Mean time per level.
                   A        B        C        D        E       F      G
               +--------+--------+--------+--------+--------+-----+--------+
         Total |   1028 |   1028 |      0 |    699 |     52 |   1 | 1028.0 |
       Dungeon |   1028 |   1028 |      0 |    699 |     52 |   1 | 1028.0 |
               +--------+--------+--------+--------+--------+-----+--------+

Top non-repeatable levels by time:
       D: 1028 daAuts
